AoeStats
← Chigüiro

Arena

508671903Analyzed
4v4 RM · 8d ago on Sep 23, 2026· 42m 57s· 8 players
Game mode
Random Map
Map size
Large (8 player)
Population
200
Speed
Normal
Resources
Standard
Victory
Conquest
Starting age
Dark Age
Ending age
Imperial Age
RankedLock teamsTeams togetherTeam positionsShared explorationLock speedFull tech treeHidden civsTurbo modeCheats
Victory
Defeat
🇨🇳 Saracens · China
1667
+11
🇩🇪 Danes · Germany
1661
+11
🇬🇧 Italians · United Kingdom
1493
+18
🇨🇴 Bulgarians · Colombia
1470
+19
🇹🇼 Vietnamese · Taiwan
1577
-16
🇦🇺 Inca · Australia
1568
-16
🇵🇪 Khmer · Peru
1529
-14
🇭🇰 Varangians · Hong Kong SAR China
1512
-13
ResonanceFreq
9:54 Feudal Age
13:43 Castle Age
11:53 Double-Bit Axe
12:34 Horse Collar
14:53 Bow Saw
19:25 Wheelbarrow
20:31 Hand Cart
20:32 Gold Mining
21:41 Forging
25:17 Imperial Age
22:55 Loom
24:15 Scale Mail Armor
24:26 Forging
24:04 Town Watch
24:23 Heavy Plow
25:03 Gold Shaft Mining
KLIKELIN
10:35 Feudal Age
13:42 Castle Age
12:19 Horse Collar
12:25 Double-Bit Axe
14:42 Bow Saw
18:08 Loom
21:31 Heavy Plow
22:37 Wheelbarrow
25:04 Gold Mining
25:06 Stone Mining
25:57 Hand Cart
29:27 Imperial Age
29:59 Gold Shaft Mining
29:59 Stone Shaft Mining
29:48 Husbandry
29:40 Heavy Scorpion
30:42 Conscription
30:23 Double Crossbow
31:03 Ballistics
32:05 Chemistry
32:18 Bloodlines
32:19 Siege Engineers
33:47 Forging
33:43 Scale Barding Armor
35:17 Iron Casting
34:05 Light Cavalry
36:08 Hussar
38:13 Blast Furnace
37:34 Chain Barding Armor
609170940
10:05 Feudal Age
11:08 Double-Bit Axe
13:39 Castle Age
12:03 Horse Collar
14:36 Bow Saw
19:58 Wheelbarrow
26:43 Imperial Age
24:31 Hand Cart
24:13 Stone Mining
24:26 Gold Mining
24:22 Loom
24:45 Heavy Plow
25:47 Stone Shaft Mining
26:56 Scale Barding Armor
27:01 Forging
28:12 Chain Barding Armor
28:40 Crop Rotation
29:12 Two-Man Saw
28:44 Conscription
29:34 Bloodlines
30:15 Plate Barding Armor
30:15 Iron Casting
30:28 Elite Jarl
33:11 Blast Furnace
33:32 Ballistics
34:12 Chemistry
33:15 Husbandry
33:07 Vendel Legacy
34:53 Onager
35:32 Capped Ram
36:27 Siege Ram
39:53 Siege Engineers
杜孤
10:24 Feudal Age
14:27 Castle Age
12:20 Double-Bit Axe
12:50 Horse Collar
15:27 Heavy Plow
15:37 Bow Saw
15:57 Loom
16:45 Town Watch
23:48 Wheelbarrow
24:25 Gold Mining
24:26 Stone Mining
29:39 Imperial Age
27:11 Fletching
27:45 Ballistics
28:15 Stone Shaft Mining
27:47 Crossbowman
28:56 Bodkin Arrow
29:01 Padded Archer Armor
29:37 Hand Cart
29:55 Thumb Ring
32:03 Chemistry
31:04 Bracer
31:21 Leather Archer Armor
32:19 Two-Man Saw
32:25 Elite Rattan Archer
34:06 Crop Rotation
34:10 Onager
35:07 Onager
36:36 Paper Money
37:19 Elite Skirmisher
Chigüiro
11:10 Feudal Age
14:54 Castle Age
13:20 Forging
13:12 Double-Bit Axe
13:13 Horse Collar
21:09 Bloodlines
22:38 Husbandry
25:32 Bow Saw
28:56 Imperial Age
26:36 Gold Mining
26:59 Scale Barding Armor
28:38 Chain Barding Armor
28:55 Gold Shaft Mining
30:39 Chemistry
29:59 Ballistics
29:48 Siege Engineers
30:09 Stone Mining
30:59 Wheelbarrow
30:00 Light Cavalry
30:32 Heavy Scorpion
32:40 Heavy Plow
33:09 Onager
35:12 Ballistics
34:45 Fletching
34:45 Town Watch
35:52 Conscription
36:07 Hand Cart
35:38 Loom
35:50 Bodkin Arrow
36:31 Hussar
38:25 Plate Barding Armor
38:38 Stirrups
40:10 Iron Casting
39:44 Siege Onager
42:41 Blast Furnace
43:26 Bracer
Wolf Slayer
10:25 Feudal Age
14:31 Castle Age
12:29 Horse Collar
13:07 Double-Bit Axe
15:38 Bow Saw
17:06 Loom
21:17 Heavy Plow
23:20 Wheelbarrow
23:09 Fletching
24:11 Bodkin Arrow
27:00 Hand Cart
31:05 Imperial Age
29:41 Padded Archer Armor
30:37 Leather Archer Armor
31:54 Bracer
32:17 Ballistics
32:59 Chemistry
34:22 Two-Man Saw
33:56 Crop Rotation
34:03 Ring Archer Armor
33:23 Elite Genoese Crossbowman
35:07 Thumb Ring
DJ Pesto
11:02 Feudal Age
11:42 Double-Bit Axe
12:18 Town Watch
14:52 Castle Age
13:33 Scale Mail Armor
14:41 Loom
14:54 Gold Mining
18:26 Forging
20:35 Gambesons
26:05 Squires
30:48 Chain Mail Armor
32:03 Bow Saw
31:34 Horse Collar
32:29 Heavy Plow
32:51 Stone Mining
35:39 Imperial Age
34:44 Wheelbarrow
35:22 Ballistics
34:53 Fletching
35:41 Masonry
35:46 Elite Varangian Guard
38:01 Plate Mail Armor
38:12 Iron Casting
40:37 Blast Furnace
39:49 Arson
40:41 Capped Ram
42:10 Hamask
43:11 Conscription
清远华
10:14 Feudal Age
11:21 Double-Bit Axe
14:03 Castle Age
12:03 Horse Collar
22:14 Bow Saw
23:03 Heavy Plow
22:56 Gold Mining
23:47 Wheelbarrow
28:15 Imperial Age
25:31 Loom
26:15 Scale Barding Armor
26:20 Forging
26:28 Hand Cart
26:06 Stone Mining
27:21 Chain Barding Armor
28:15 Gold Shaft Mining
28:18 Iron Casting
29:41 Plate Barding Armor
30:09 Chemistry
30:11 Two-Man Saw
29:34 Conscription
30:22 Two-Man Saw
29:00 Capped Ram
31:45 Blast Furnace
30:07 Elite Mameluke
30:39 Fletching
31:08 Siege Ram
35:20 Hoardings
35:12 Siege Engineers
35:34 Ballistics
37:03 Bimaristan
39:08 Counterweights
39:29 Masonry
39:59 Light Cavalry
40:50 Bloodlines
40:40 Husbandry
40:39 Bodkin Arrow
40:32 Arrowslits
Connection lost

Rejoining the realm…

Still unreachable

The connection could not be restored.

Session expired

The server has moved on; the page needs a fresh start.